 Dungeon Crawl Stone Soup version 0.29-a0-266-gf56f883ddd (webtiles) character file.

Game seed: 5441002345812420752

66514 Zonian the Frost Mage (level 14, -1/85 HPs)
             Began as a Demonspawn Ice Elementalist on Mar 6, 2022.
             Was an Initiate of Gozag.
             Slain by a cyan ugly thing (10 damage)
             ... on level 14 of the Dungeon.
             The game lasted 01:24:26 (32322 turns).

Zonian the Frost Mage (DsIE)                       Turns: 32322, Time: 01:24:56

Health: -1/85      AC: 26    Str: 13    XL:     14   Next: 79%
Magic:  0/46       EV: 12    Int: 23    God:    Gozag
Gold:   3986       SH:  0    Dex:  7    Spells: 17/33 levels left

rFire   + . .      SeeInvis .   d - +8 rapier of Ojiobown {venom, rCorr Str+3 Int+5 Dex-5}
rCold   . . .      Faith    .   D - orb {*channel}
rNeg    . . .      Spirit   +   F - +4 ring mail {rPois}
rPois   +          Reflect  .   m - +0 helmet
rElec   .          Harm     .   a - +0 cloak
rCorr   +          Rampage  .   (gloves unavailable)
Will    +....                   (no boots)
Stlth   +++.......              U - amulet of guardian spirit
HPRegen 0.24/turn               i - ring of magical power
MPRegen 0.30/turn               q - ring "Appaloga" {rCorr MP+9 AC+4 Dex-4}

@: ice-armoured, about to teleport, freezing walls
A: claws 3, molten scales 3, icemail 2, powered by death 1, condensation shield
a: Renounce Religion, Potion Petition, Call Merchant, Bribe Branch


You were on level 14 of the Dungeon.
You worshipped Gozag.
Gozag was most pleased with you.
You visited 3 branches of the dungeon, and saw 21 of its levels.
You also visited: Bailey.

You collected 6081 gold pieces.
You spent 1139 gold pieces at shops.
You paid 956 gold pieces to Gozag.

Inventory:

Hand Weapons
 d - the +8 rapier of Ojiobown (weapon) {venom, rCorr Str+3 Int+5 Dex-5}
   (You acquired it on level 5 of the Lair of Beasts)

   It poisons the flesh of those it strikes.
   Str:       It affects your strength (+3).
   Int:       It affects your intelligence (+5).
   Dex:       It affects your dexterity (-5).
   rCorr:     It protects you from acid and corrosion.
 l - a +5 short sword
 J - a +3 falchion of flaming
 M - the +3 trident "Abbo" {spect, Will+}
   (You found it on level 8 of the Dungeon)

   When its wielder attacks, the weapon's spirit leaps out and strikes again.
   The spirit shares a part of any damage it takes with its wielder.
   Will:      It increases your willpower.
 S - the +6 arbalest of Brutal Revenge {penet, +Blink rF+++ Dex-2 Stlth+}
   (You found it on level 2 of the Lair of Beasts)

   Any ammunition fired by it passes through the targets it hits, potentially
   hitting all targets in its path until it reaches maximum range.
   Dex:       It affects your dexterity (-2).
   rF:        It renders you almost immune to fire.
   +Blink:    It lets you blink.
   Stlth:     It makes you more stealthy.
 V - the +9 dagger "Fiywoityos" {vorpal, Str+3}
   (You found it on level 3 of the Lair of Beasts)

   It inflicts extra damage upon your enemies.
   Str:       It affects your strength (+3).
Missiles
 e - 40 poisoned darts
 g - 8 curare-tipped darts
 L - 3 throwing nets
Armour
 a - a +0 cloak (worn)
 m - a +0 helmet (worn)
 s - the +7 scale mail of the Pits of Slime {Harm rF+ rC+ Stlth+}
   (You found it in a bailey)

   rF:        It protects you from fire.
   rC:        It protects you from cold.
   Harm:      It increases damage dealt and taken.
   Stlth:     It makes you more stealthy.
 D - an orb of energy (worn)
 E - a +2 plate armour of poison resistance
 F - a +4 ring mail of poison resistance (worn)
 P - a +0 robe of resistance
Magical Staves
 H - a staff of conjuration
 I - a staff of fire
Jewellery
 i - a ring of magical power (left claw)
 p - a +4 ring of evasion
 q - the ring "Appaloga" (right claw) {rCorr MP+9 AC+4 Dex-4}
   (You found it on level 5 of the Dungeon)

   [ring of protection]

   AC:        It affects your AC (+4).
   Dex:       It affects your dexterity (-4).
   MP:        It affects your magic capacity (+9).
   rCorr:     It protects you from acid and corrosion.
 v - a ring of protection from fire
 C - a ring of see invisible
 G - an amulet of reflection
 U - an amulet of guardian spirit (around neck)
Wands
 f - a wand of flame (44) (quivered)
 r - a wand of digging (11)
 A - a wand of paralysis (11)
 O - a wand of iceblast (5)
Scrolls
 h - 8 scrolls of teleportation
 j - 3 scrolls of fog
 t - 3 scrolls of fear
 u - a scroll of enchant weapon
 x - 3 scrolls of blinking
 y - 10 scrolls of identify
 Q - 4 scrolls of magic mapping
Potions
 b - 5 potions of magic
 c - 3 potions of heal wounds
 k - 6 potions of brilliance
 n - 3 potions of might
 o - a potion of ambrosia
 w - 5 potions of flight
 z - 11 potions of curing
 T - a potion of lignification
 W - 4 potions of invisibility
 Y - 4 potions of haste
 Z - a potion of resistance
Miscellaneous
 B - a condenser vane (inert)
 R - a lightning rod (3/4)


   Skills:
 + Level 7.7 Short Blades
 - Level 3.4 Polearms
 - Level 6.0 Armour
 + Level 10.0 Dodging
 - Level 8.6 Stealth
 + Level 10.0 Spellcasting
 + Level 8.8 Conjurations
 - Level 6.0 Fire Magic
 + Level 10.3 Ice Magic
 + Level 8.7 Evocations


You had 17 spell levels left.
You knew the following spells:

 Your Spells              Type           Power      Damage    Failure   Level
a - Freeze                Ice            100%       1d11      1%          1
b - Frozen Ramparts       Ice            100%       1d12      1%          3
c - Ozocubu's Armour      Ice            56%        N/A       1%          3
d - Hailstorm             Conj/Ice       53%        3d12      2%          4
e - Foxfire               Conj/Fire      100%       2x1d9     1%          1
f - Flame Wave            Conj/Fire      45%        2d10      5%          4

Your spell library contained the following spells:

 Spells                   Type           Power      Damage    Failure   Level
 Ensorcelled Hibernation  Hex/Ice        70%        N/A       1%          2
 Conjure Flame            Conj/Fire      45%        6-21      1%          3
 Dazzling Flash           Conj/Hex       62%        N/A       5%          3
 Inner Flame              Hex/Fire       25%        N/A       10%         3
 Animate Skeleton         Necr           22%        N/A       11%         1
 Pain                     Necr           44%        1d6       11%         1
 Iskenderun's Mystic Bla  Conj/Tloc      31%        2d8       19%         4
 Spider Form              Tmut/Pois      11%        N/A       32%         3
 Summon Guardian Golem    Hex/Summ       11%        N/A       32%         3
 Vampiric Draining        Necr           11%        2d6       32%         3
 Metabolic Englaciation   Hex/Ice        17%        N/A       36%         5
 Starburst                Conj/Fire      22%        6d8       63%         6
 Anguish                  Hex/Necr       5%         N/A       73%         4
 Animate Armour           Summ/Erth      22%        N/A       73%         4
 Petrify                  Tmut/Erth      11%        N/A       73%         4
 Orb of Destruction       Conj           25%        9d9       95%         7
 Iron Shot                Conj/Erth      15%        9d4       96%         6
 Blade Hands              Tmut           5%         N/A       97%         5
 Statue Form              Tmut/Erth      7%         N/A       100%        6
 Spellforged Servitor     Conj/Summ      15%        N/A       100%        7


Dungeon Overview and Level Annotations

Branches:
Dungeon (14/15)            Temple (1/1) D:4            Lair (6/6) D:8
  Swamp (0/4) Lair:2        Snake (0/4) Lair:4        Slime (0/5) Lair:6
    Orc (0/2) D:9          Bailey (visited)
 Vaults: D:13-14

Altars:
Ashenzari
Cheibriados
Dithmenos
Elyvilon
Fedhas
Gozag
Hepliaklqana
Kikubaaqudgha
Makhleb
Nemelex Xobeh
Okawaru
Qazlal
Ru
Sif Muna
Trog
Uskayaw
Vehumet
Wu Jian
Xom
Yredelemnul
Zin
The Shining One
Jiyva

Shops:
D:9 !   D:10 !

Annotations:
D:11 2 transporters, WindUpCitrus's ghost, novice MiHu
Lair:1 1 runed translucent door, spiderkeys's ghost, journeyman VSAK


Innate Abilities, Weirdness & Mutations

You have claws for hands.
You are completely covered in molten scales. (AC +4, rF+)
A meltable icy envelope protects you from harm. (AC +0)
You regenerate a little health from kills.
A meltable shield of frost defends you. (SH +0)


Message History

The +4 long sword closely misses you.
The red ugly thing basks in the mutagenic energy from its kin and changes!
As you read the scroll of teleportation, it crumbles to dust.
You feel strangely unstable.
The +4 long sword completely resists.
The wall freezes the +4 long sword but does no damage.
The +4 long sword hits you. The red ugly thing misses you.
Unknown command.
You miss the +4 long sword.
The +4 long sword is lightly damaged.
The +4 long sword resists.
The wall freezes the +4 long sword.
The +4 long sword hits you but does no damage.
The red ugly thing basks in the mutagenic energy from its kin and changes!
The cyan ugly thing claws you but does no damage.
The +4 long sword resists.
The wall freezes the +4 long sword.
The +4 long sword hits you.
You completely miss the cyan ugly thing.
The cyan ugly thing punches you but does no damage.
The cyan ugly thing claws you but does no damage.
The +4 long sword resists.
The wall freezes the +4 long sword.
The +4 long sword hits you but does no damage.
Unknown command.
You completely miss the cyan ugly thing.
The +4 long sword resists.
The wall freezes the +4 long sword.
The +4 long sword hits you but does no damage.
The cyan ugly thing punches you but does no damage.
The cyan ugly thing claws you but does no damage.
Unknown command.
You hit the cyan ugly thing.
The cyan ugly thing is lightly wounded.
The +4 long sword resists.
The wall freezes the +4 long sword.
The +4 long sword hits you! The cyan ugly thing gores you.
The cyan ugly thing shocks you! The cyan ugly thing punches you.
* * * LOW HITPOINT WARNING * * *
The cyan ugly thing shocks you!
* * * LOW HITPOINT WARNING * * *
The cyan ugly thing claws you.
* * * LOW HITPOINT WARNING * * *
The cyan ugly thing shocks you!
You die...
Your body crumbles into a pile of gold.

....... ..
.......#####.
............
...........
..........
......... #..u(#
#..u@# #..u.#
#....#+#####
#..........#
#..........+
#..........#
#..........#+##
......##+#......#
......#..#......#


You could see 3 ugly things and a +4 long sword.

Vanquished Creatures
  Kirke (D:12)
  Azrael (D:13)
  A fire dragon (Lair:6)
  Josephine (D:12)
  2 boulder beetles (D:13)
  A catoblepas (Lair:2)
  7 hydras
  2 centaur warriors (D:13)
  An ice dragon (Lair:6)
  4 two-headed ogres
  A tengu warrior (D:12)
  Sonja (Lair:6)
  A swamp dragon (Lair:6)
  2 lindwurms
  A lindwurm (shapeshifter) (D:9)
  A deep elf pyromancer (D:13)
  2 orc knights
  5 ugly things
  A deep elf zephyrmancer (Bailey)
  A manticore (D:14)
  3 cyclopes
  A will-o-the-wisp (Lair:2)
  9 elephants
  2 gargoyles
  2 black mambas
  7 cane toads
  2 unseen horrors (D:12)
  5 torpor snails (Lair:6)
  4 rime drakes
  A kobold demonologist (D:11)
  An efreet (D:13)
  8 komodo dragons
  3 trolls
  11 hornets
  4 polar bears
  A tarantella (shapeshifter) (D:14)
  4 tyrant leeches (Lair:6)
  6 slime creatures
  29 blink frogs
  Prince Ribbit (D:5)
  8 dream sheep
  A raiju (shapeshifter) (D:14)
  A shadow (D:10)
  Sigmund (D:3)
  7 wyverns
  3 vampires
  24 yaks
  2 fire elementals (D:13)
  5 hogs (D:12)
  5 wraiths
  4 basilisks
  4 steam dragons
  6 vampire mosquitoes
  Menkaure (D:5)
  2 nagas (Lair:4)
  Edmund (D:6)
  2 acid dragons
  4 hell hounds (D:13)
  Duvessa (D:5)
  13 water moccasins
  26 orc warriors
  6 black bears
  3 swamp drakes (Lair:6)
  An ice beast (D:5)
  A boggart (D:13)
  16 wolves
  A centaur (D:12)
  3 kobold brigands
  A phantom (D:6)
  Blork the orc (D:6)
  15 bullfrogs
  2 gnoll sergeants
  4 necrophages
  3 scorpions
  Dowan (D:5)
  5 wights
  4 killer bees (D:7)
  4 howler monkeys
  4 hounds
  13 orc priests
  Crazy Yiuf (D:6)
  2 gnoll shamans
  5 iguanas
  Ijyb (D:3)
  16 orc wizards
  15 gnolls
  7 adders
  2 shadow imps (D:6)
  2 ufetubi
  A worm (D:2)
  3 dart slugs
  76 orcs
  4 bats
  6 endoplasms
  6 giant cockroaches
  12 goblins
  5 hobgoblins
  6 jackals
  7 quokkas
  17 ball pythons
  A frilled lizard (D:3)
  25 kobolds
  4 rats
574 creatures vanquished.

Vanquished Creatures (collateral kills)
  3 foxfires
3 creatures vanquished.

Vanquished Creatures (others)
  An unseen horror (D:12)
  76 foxfires
  37 fungi
  56 plants
170 creatures vanquished.

Grand Total: 747 creatures vanquished

Notes
Turn   | Place    | Note
-------+----------+-------------------------------------------
     0 | D:1      | Zonian the Demonspawn Ice Elementalist began the quest for
                  | the Orb.
     0 | D:1      | Reached XP level 1. HP: 13/13 MP: 3/3
   501 | D:1      | Gained mutation: You are partially covered in molten
                  | scales. (AC +2) [demonic ancestry]
   501 | D:1      | Reached XP level 2. HP: 19/19 MP: 5/5
  1245 | D:1      | Gained mutation: You are mostly covered in molten scales.
                  | (AC +3) [demonic ancestry]
  1245 | D:1      | Reached XP level 3. HP: 21/24 MP: 6/6
  2319 | D:2      | Noticed a scorpion
  2425 | D:2      | Killed a scorpion
  2426 | D:2      | Reached XP level 4. HP: 19/30 MP: 8/8
  3421 | D:3      | Noticed Ijyb
  3428 | D:3      | Gained mutation: You have sharp fingernails. [demonic
                  | ancestry]
  3428 | D:3      | Reached XP level 5. HP: 35/35 MP: 9/9
  3677 | D:3      | Noticed Sigmund
  3685 | D:3      | Killed Sigmund
  3686 | D:3      | Gained mutation: A meltable shield of frost defends you.
                  | (SH +0) [demonic ancestry]
  3686 | D:3      | Reached XP level 6. HP: 36/41 MP: 11/11
  4042 | D:3      | Killed Ijyb
  4437 | D:4      | Found a staircase to the Ecumenical Temple.
  4446 | Temple   | Entered the Ecumenical Temple
  4644 | Temple   | Became a worshipper of Gozag Ym Sagoz the Greedy
  5839 | D:4      | Found an ornate altar of the Wu Jian Council.
  6069 | D:5      | Entered Level 5 of the Dungeon
  6146 | D:5      | Noticed Menkaure
  6182 | D:5      | Gained mutation: You are completely covered in molten
                  | scales. (AC +4, rF+) [demonic ancestry]
  6182 | D:5      | Reached XP level 7. HP: 46/46 MP: 12/12
  6200 | D:5      | Noticed Duvessa
  6201 | D:5      | Noticed Dowan
  6217 | D:5      | Killed Duvessa
  6218 | D:5      | Reached skill level 5 in Ice Magic
  6232 | D:5      | Killed Dowan
  6609 | D:5      | Identified the ring "Appaloga" {rCorr MP+9 AC+4 Dex-4}
  6695 | D:5      | Learned a level 3 spell: Frozen Ramparts
  6699 | D:5      | Learned a level 3 spell: Ozocubu's Armour
  6958 | D:5      | Killed Menkaure
  6959 | D:5      | Reached XP level 8. HP: 52/52 MP: 14/14
  7234 | D:6      | Noticed Blork the orc
  7254 | D:5      | Reached skill level 5 in Stealth
  7749 | D:5      | Reached skill level 5 in Spellcasting
  7974 | D:6      | Noticed Prince Ribbit
  7987 | D:5      | Killed Prince Ribbit
  7988 | D:5      | Reached skill level 5 in Dodging
  8420 | D:6      | Noticed Edmund
  8710 | D:6      | Killed Blork the orc
  9129 | D:6      | Killed Edmund
  9188 | D:6      | Gained mutation: You have very sharp fingernails. [demonic
                  | ancestry]
  9188 | D:6      | Reached XP level 9. HP: 57/57 MP: 17/17
  9654 | D:6      | Found a runed translucent door.
  9654 | D:6      | Noticed Crazy Yiuf
  9825 | D:6      | Killed Crazy Yiuf
 10579 | D:7      | Learned a level 4 spell: Hailstorm
 10795 | D:7      | Reached skill level 1 in Conjurations
 10843 | D:7      | Reached skill level 1 in Evocations
 10908 | D:6      | Reached skill level 1 in Short Blades
 11617 | D:7      | Paralysed by a hornet for 3 turns
 12628 | D:8      | Learned a level 1 spell: Foxfire
 12661 | D:8      | Identified the +3 trident "Abbo" {spect, Will+}
 12862 | D:8      | Gained mutation: A meltable icy envelope protects you from
                  | harm. (AC +0) [demonic ancestry]
 12862 | D:8      | Reached XP level 10. HP: 62/63 MP: 19/19
 13259 | D:8      | Found a staircase to the Lair.
 13521 | Lair:1   | Entered Level 1 of the Lair of Beasts
 13596 | Lair:1   | Found a runed translucent door.
 13597 | Lair:1   | Noticed spiderkeys's ghost (journeyman VSAK)
 13678 | Lair:1   | Noticed an eight-headed hydra
 13691 | Lair:1   | Reached skill level 1 in Polearms
 13694 | Lair:1   | Killed a four-headed hydra
 13695 | Lair:1   | Reached skill level 1 in Armour
 13695 | Lair:1   | Reached skill level 1 in Fire Magic
 14399 | Lair:1   | Noticed a four-headed hydra
 14406 | Lair:1   | Killed a four-headed hydra
 14408 | Lair:1   | Gained mutation: A meltable icy envelope protects you from
                  | harm. (AC +0) [demonic ancestry]
 14408 | Lair:1   | Reached XP level 11. HP: 68/68 MP: 21/21
 15546 | Lair:2   | Found a staircase to the Swamp.
 15998 | Lair:2   | Noticed a catoblepas
 16016 | Lair:2   | Killed a catoblepas
 16465 | Lair:2   | Identified the +6 arbalest of Brutal Revenge {penet, +Blink
                  | rF+++ Dex-2 Stlth+}
 17301 | Lair:3   | Reached skill level 5 in Conjurations
 17365 | Lair:3   | Noticed a seven-headed hydra
 17373 | Lair:3   | Killed a seven-headed hydra
 17374 | Lair:3   | Reached skill level 5 in Evocations
 17423 | Lair:3   | Identified the +9 dagger "Fiywoityos" {vorpal, Str+3}
 17536 | Lair:3   | Noticed a six-headed hydra
 17548 | Lair:3   | Killed a six-headed hydra
 17549 | Lair:3   | Reached XP level 12. HP: 67/74 MP: 23/23
 17611 | Lair:3   | Noticed a seven-headed hydra
 17625 | Lair:3   | Killed a seven-headed hydra
 18304 | Lair:4   | Noticed a seven-headed hydra
 18312 | Lair:4   | Killed a seven-headed hydra
 18949 | Lair:4   | Found a staircase to the Snake Pit.
 19056 | Lair:4   | Reached skill level 5 in Short Blades
 19370 | Lair:4   | Found a shimmering altar of Xom.
 19715 | Lair:5   | Noticed a four-headed hydra
 19933 | Lair:5   | Killed a four-headed hydra
 19988 | Lair:5   | Learned a level 4 spell: Flame Wave
 20162 | Lair:5   | Identified a scroll of acquirement
 20163 | Lair:5   | Acquired the +8 rapier of Ojiobown {venom, rCorr Str+3
                  | Int+5 Dex-5}
 20726 | Lair:5   | Gained mutation: You regenerate a little health from kills.
                  | [demonic ancestry]
 20726 | Lair:5   | Reached XP level 13. HP: 38/79 MP: 23/25
 21510 | Lair:6   | Entered Level 6 of the Lair of Beasts
 21544 | Lair:6   | Reached skill level 5 in Armour
 21550 | Lair:6   | Reached skill level 5 in Fire Magic
 21654 | Lair:6   | Found a staircase to the Slime Pits.
 21654 | Lair:6   | Found a viscous altar of Jiyva.
 21739 | Lair:6   | Found a runed translucent door.
 23970 | Lair:6   | Noticed a fire dragon
 23971 | Lair:6   | Noticed Sonja
 24043 | Lair:6   | Killed Sonja
 24264 | Lair:6   | Killed a fire dragon
 24736 | D:9      | Bought a potion of brilliance for 48 gold pieces
 24736 | D:9      | Bought 2 potions of invisibility for 192 gold pieces
 24736 | D:9      | Bought 2 potions of might for 96 gold pieces
 24736 | D:9      | Bought a potion of curing for 36 gold pieces
 24736 | D:9      | Bought a potion of heal wounds for 60 gold pieces
 24736 | D:9      | Bought a potion of curing for 36 gold pieces
 25352 | D:9      | Found a staircase to the Orcish Mines.
 25817 | D:10     | Entered Level 10 of the Dungeon
 25868 | D:10     | Found Opnammec's Distillery.
 25871 | D:10     | Bought a potion of magic for 88 gold pieces
 25871 | D:10     | Bought a potion of ambrosia for 88 gold pieces
 25871 | D:10     | Bought 2 potions of curing for 66 gold pieces
 25871 | D:10     | Bought a potion of haste for 110 gold pieces
 25871 | D:10     | Bought a potion of heal wounds for 55 gold pieces
 25871 | D:10     | Bought 2 potions of magic for 176 gold pieces
 25871 | D:10     | Bought a potion of magic for 88 gold pieces
 26001 | D:10     | Found a flagged portal.
 26035 | Bailey   | Entered a bailey
 26118 | Bailey   | Found a large runed translucent door.
 26118 | Bailey   | Found a large runed translucent door.
 26129 | Bailey   | Gained mutation: You have claws for hands. [demonic
                  | ancestry]
 26129 | Bailey   | Reached XP level 14. HP: 80/85 MP: 27/27
 26545 | Bailey   | Identified the +7 scale mail of the Pits of Slime {Harm rF+
                  | rC+ Stlth+}
 27691 | D:11     | Found an iron altar of Okawaru.
 27734 | D:11     | You fall into a shaft and drop 1 floor!
 27906 | D:11     | Noticed WindUpCitrus's ghost (novice MiHu)
 27909 | D:11     | Found a transporter.
 27916 | D:11     | Found a bloodstained altar of Trog.
 27916 | D:11     | Found the +3 pair of gauntlets of War {Slay+5}
 28130 | D:11     | Found a transporter.
 28942 | D:12     | Noticed Josephine
 29131 | D:12     | Killed Josephine
 29329 | D:12     | Noticed Kirke
 29339 | D:12     | Killed Kirke
 29550 | D:12     | Reached skill level 10 in Ice Magic
 30795 | D:13     | Noticed Azrael
 30807 | D:13     | Killed Azrael
 32273 | D:14     | Reached skill level 10 in Spellcasting
 32276 | D:14     | Reached skill level 10 in Dodging
 32322 | D:14     | Slain by a cyan ugly thing

Illustrated notes

Levels and vault maps discovered:
D:1:      dpeg_arrival_rhombi, layout_basic
D:2:      layout_basic, serial_rivers, chequers_serial_rivers_micro_e,
          chequers_serial_rivers_room_b, chequers_serial_rivers_room_b,
          chequers_serial_rivers_micro_c, chequers_serial_rivers_small_b,
          hangedman_decor_riveting
D:3:      layout_loops_ring, uniq_ijyb, uniq_sigmund
D:4:      layout_loops_ring, pdpol_wu_jian_five_deadly_venoms,
          minmay_temple_entry_gardened_gates, minmay_snake_closets
D:5:      layout_rooms, dreamdust_princess_corridor, uniq_menkaure, uniq_duvessa
D:6:      layout_rooms, uniq_blork_the_orc, uniq_edmund,
          uniq_crazy_yiuf_cottage, uniq_prince_ribbit1
D:7:      layout_cave_pools, serial_bayou_crossing
D:8:      layout_loops_ring, grunt_lair_entry_orc_guard_hut
D:9:      layout_irregular_city, hiddenorc2_lemuel, st_stairs_3
D:10:     layout_roguey, enter_bailey_4, serial_shops, kennysheep_mini
D:11:     layout_irregular_city, gammafunk_ghost_wrathful_warriors,
          kennysheep_cross_room, nicolae_benzene_ring, okawaru_altar_gauntlet_db
D:12:     layout_basic, uniq_josephine, uniq_kirke
D:13:     layout_long_grid, minmay_joined_circles, uniq_azrael
D:14:     layout_gridville, erik_vaults_1, minivault_4
Temple:   mainiacjoe_temple_archimedes_tessellation
Lair:1:   layout_chaotic_city, hellmonk_ghost_happy_afterlife,
          lemuel_fruit_fields
Lair:2:   layout_loops_ring, minmay_swamp_entry_wisps
Lair:3:   layout_cave_pods, lemuel_fruit_fields, grunt_megastairs_5
Lair:4:   layout_long_grid, guppyfry_snake_entry_island, basic_altar,
          portal_ice_cave_entry_pillars_1, st_stairs_12,
          infiniplex_staircase_pool_2
Lair:5:   layout_cellular_growth, cheibrodos_lair_caveside_slide,
          chequers_serial_rivers_small_a
Lair:6:   guppyfry_lair_end_dragon, layout_loops_ring, wormcave, slime_altar_1,
          grunt_megastairs_3, uniq_sonja

Skill      XL: |  1  2  3  4  5  6  7  8  9 10 11 12 13 14 |
---------------+-------------------------------------------+-----
Dodging        | 2 3 4 5 6 7 8 9 10 | 10.0
Stealth        | 2 3 4 6 7 8 |  8.6
Ice Magic      | 4 5 6 7 8 9 10 | 10.3
Spellcasting   | 3 4 5 6 7 8 9 10 | 10.0
Conjurations   | 2 4 5 6 7 8 |  8.8
Evocations     | 2 3 5 6 7 8 |  8.7
Short Blades   | 2 3 4 5 6 7 |  7.7
Polearms       | 2 3 |  3.4
Armour         | 2 3 4 6 |  6.0
Fire Magic     | 2 3 4 6 |  6.0

Action                   |  1- 3 |  4- 6 |  7- 9 | 10-12 | 13-15 || total
-------------------------+-------+-------+-------+-------+-------++-------
Melee: Whip              |    11 |       |       |       |       ||    11
       Unarmed           |     8 |       |       |       |       ||     8
       Punch             |     2 |     4 |       |       |       ||     6
       Dagger            |    82 |   124 |   363 |   128 |       ||   697
       Short sword       |       |    15 |       |       |       ||    15
       Trident           |       |       |    14 |   261 |     3 ||   278
       Falchion          |       |       |       |     6 |       ||     6
       Rapier            |       |       |       |    89 |  1002 ||  1091
Throw: Dart              |       |       |       |       |     1 ||     1
 Cast: Freeze            |    13 |     9 |     6 |     1 |       ||    29
       Frozen Ramparts   |       |       |    19 |    27 |    43 ||    89
       Ozocubu's Armour  |       |       |     1 |    10 |     6 ||    17
       Foxfire           |       |       |       |    11 |    30 ||    41
       Hailstorm         |       |       |       |       |    15 ||    15
       Flame Wave        |       |       |       |       |     4 ||     4
Invok: Potion Petition   |       |       |     1 |       |       ||     1
       Call Merchant     |       |       |       |       |     1 ||     1
Evoke: Wand              |       |     9 |     5 |    11 |    10 ||    35
       Lightning rod     |       |       |       |       |     9 ||     9
       Condenser vane    |       |       |       |       |     2 ||     2
  Use: Scroll            |       |     9 |     7 |    10 |     8 ||    34
       Potion            |       |       |     1 |       |     6 ||     7
 Stab: Sleeping          |     3 |    15 |     5 |    13 |     6 ||    42
       Paralysed         |       |     2 |       |       |     1 ||     3
       Distracted        |       |       |     1 |     4 |     4 ||     9
       Confused          |       |       |       |       |     1 ||     1
Armor: Robe              |    33 |    43 |   158 |   147 |     6 ||   387
       Ring mail         |       |       |       |   158 |   578 ||   736
Dodge: Dodged            |    58 |    82 |   262 |   313 |   531 ||  1246
Block: Other             |       |    12 |    11 |       |       ||    23
       Orb               |       |       |    60 |    78 |   155 ||   293

Table legend: (Time is in decaauts)
 A = Elapsed time spent in this place.
 B = Non-inter-level travel time spent in this place.
 C = Inter-level travel time spent in this place.
 D = Time resting spent in this place.
 E = Time spent auto-exploring this place.
 F = Levels seen in this place.
 G = Mean time per level.
                   A        B        C        D        E       F      G
               +--------+--------+--------+--------+--------+-----+--------+
         Total |  32311 |  31525 |    786 |  11744 |  13166 |  22 | 1468.7 |
       Dungeon |  20348 |  19840 |    508 |   8302 |   7523 |  14 | 1453.4 |
        Temple |    210 |    196 |     14 |      0 |    178 |   1 |  210.0 |
          Lair |  11188 |  10924 |    264 |   3173 |   5465 |   6 | 1864.7 |
        Bailey |    564 |    564 |      0 |    269 |      0 |   1 |  564.0 |
               +--------+--------+--------+--------+--------+-----+--------+

Top non-repeatable levels by time:
  Lair:6: 3075 daAuts
     D:5: 2951 daAuts
     D:6: 2067 daAuts
  Lair:2: 1962 daAuts
  Lair:5: 1883 daAuts
     D:1: 1859 daAuts
    D:13: 1855 daAuts
     D:3: 1778 daAuts
    D:11: 1554 daAuts
     D:7: 1544 daAuts
  Lair:3: 1471 daAuts
  Lair:1: 1440 daAuts
     D:2: 1367 daAuts
  Lair:4: 1354 daAuts
    D:12: 1339 daAuts
